 Dungeon Crawl Stone Soup version 0.29-a0-307-gecccbbdb84 (webtiles) character file.

Game seed: 3236954240113613050

7545 Flugkiller the Slicer (level 10, -14/80 HPs)
             Began as a Vampire Delver on Mar 27, 2022.
             Was a Follower of Uskayaw.
             Demolished by a sun demon (16 damage)
             ... summoned by an orc high priest
             ... in a bailey.
             The game lasted 00:20:18 (9144 turns).

Flugkiller the Slicer (Vampire Delver)              Turns: 9144, Time: 00:20:19

Health: -14/80     AC: 13    Str: 17    XL:     10   Next: 96%
Magic:  3/14       EV: 16    Int: 17    God:    Uskayaw [*.....]
Gold:   377        SH:  0    Dex: 16    Spells: 9/12 levels left

rFire   . . .      SeeInvis +   F - +5 dagger (speed)
rCold   . . .      Faith    .   (no shield)
rNeg    . . .      Spirit   .   K - +0 troll leather armour
rPois   .          Reflect  .   u - +1 helmet
rElec   +          Harm     .   A - +0 cloak
rCorr   .          Rampage  .   N - +4 pair of gloves "Gautehut" {rElec}
Will    +....                   i - +0 pair of boots
Stlth   +++.......              L - amulet of regeneration
HPRegen 2.03/turn               y - +6 ring of strength
MPRegen 0.14/turn               (no ring)

@: lethally poisoned (-14 -> -14), healing quickly
A: alive, fangs 3, see invisible, vampiric 2
a: Exsanguinate, Renounce Religion, Stomp


You were in a bailey.
You worshipped Uskayaw.
Uskayaw was noncommittal.
You visited 2 branches of the dungeon, and saw 9 of its levels.
You also visited: Bailey.

You collected 416 gold pieces.
You spent 39 gold pieces at shops.

Inventory:

Hand Weapons
 j - a +1 short sword of venom
   (You took it off an orc on level 7 of the Dungeon)
 s - a +0 dagger of venom
   (You took it off a goblin on level 1 of the Dungeon)
 F - a +5 dagger of speed (weapon)
   (You took it off Dowan on level 6 of the Dungeon)
 I - a +5 great sword
   (You took it off a wight on level 7 of the Dungeon)
Missiles
 E - a curare-tipped dart (quivered)
Armour
 i - a +0 pair of boots (worn)
   (You found it on level 4 of the Dungeon)
 u - a +1 helmet (worn)
   (You found it on level 1 of the Dungeon)
 A - a +0 cloak (worn)
   (You took it off Crazy Yiuf on level 5 of the Dungeon)
 K - a +0 troll leather armour (worn)
   (You found it on level 7 of the Dungeon)
 M - a +1 buckler of protection
   (You took it off a gnoll sergeant on level 7 of the Dungeon)
 N - the +4 pair of gloves "Gautehut" (worn) {rElec}
   (You found it on level 7 of the Dungeon)

   rElec:     It insulates you from electricity.
 P - a +0 pair of gloves of hurling
   (You found it on level 7 of the Dungeon)
Jewellery
 y - a +6 ring of strength (left hand)
   (You took it off an orc on level 7 of the Dungeon)
 L - an amulet of regeneration (around neck)
   (You found it on level 7 of the Dungeon)
Wands
 g - a wand of digging (3)
 B - a wand of iceblast (2)
   (You found it on level 5 of the Dungeon)
 H - a wand of acid (6)
   (You found it on level 7 of the Dungeon)
Scrolls
 a - 2 scrolls of silence
 c - 3 scrolls of fog
 f - a scroll of enchant armour
 k - 2 scrolls of holy word {unknown}
 l - 2 scrolls of fear
 m - a scroll of amnesia
 t - 3 scrolls of teleportation
 x - a scroll of torment {unknown}
 D - a scroll of blinking {unknown}
 G - 2 scrolls of vulnerability
Potions
 e - 2 potions of flight
 h - 2 potions of haste
 n - a potion of resistance
 p - 2 potions of attraction
 q - 3 potions of curing
 v - 4 potions of berserk rage
 z - a potion of cancellation {unknown}
 C - a potion of mutation {unknown}
 J - a potion of brilliance {unknown}
Miscellaneous
 O - a phantom mirror
   (You found it on level 7 of the Dungeon)


   Skills:
 - Level 8.1 Fighting
 + Level 9.6 Short Blades
 - Level 8.9 Dodging
 - Level 7.2 Stealth
 + Level 1.5 Spellcasting
 + Level 1.7 Air Magic
 - Level 6.0 Invocations
 - Level 5.0 Evocations


You had 9 spell levels left.
You knew the following spells:

 Your Spells              Type           Power      Damage    Failure   Level
w - Swiftness             Air            7%         N/A       36%         3

Your spell library contained the following spells:

 Spells                   Type           Power      Damage    Failure   Level
 Shock                    Conj/Air       16%        1d4       17%         1
 Corpse Rot               Necr/Air       8%         N/A       26%         2
 Sublimation of Blood     Necr           1%         N/A       36%         2
 Wereblood                Tmut           1%         N/A       36%         2
 Ozocubu's Armour         Ice            1%         N/A       58%         3
 Summon Lightning Spire   Summ/Air       4%         N/A       86%         4
 Dispel Undead            Necr           1%         3d6       94%         4
 Metabolic Englaciation   Hex/Ice        0%         N/A       100%        5
 Summon Forest            Summ/Tloc      0%         N/A       100%        5
 Death Channel            Necr           0%         N/A       100%        6
 Simulacrum               Ice/Necr       0%         N/A       100%        6
 Summon Hydra             Summ           0%         N/A       100%        7


Dungeon Overview and Level Annotations

Branches:
Dungeon (8/15)             Temple (1/1) D:4            Lair (0/6) D:8
 Bailey (1/1)

Altars:
Ashenzari
Cheibriados
Gozag
Hepliaklqana
Kikubaaqudgha
Makhleb
Nemelex Xobeh
Okawaru
Qazlal
Ru
Sif Muna
Uskayaw
Vehumet
Yredelemnul
Zin
The Shining One

Shops:
D:1 ?

Annotations:
D:6 exclusions: howler monkey and 2 killer bees


Innate Abilities, Weirdness & Mutations

Your natural rate of healing is accelerated.
You have razor-sharp teeth.
You have supernaturally acute eyesight. (SInv)
You are afflicted with vampirism and can become a bat while bloodless.


Message History

The kobold demonologist is lightly wounded.
You hit the kobold demonologist.
The kobold demonologist is lightly wounded.
The kobold demonologist casts a spell.
The orc high priest utters an invocation to Beogh.
You hit the kobold demonologist but do no damage.
Your bite misses the kobold demonologist.
The kobold demonologist is lightly wounded.
You hit the kobold demonologist but do no damage.
The kobold demonologist is lightly wounded.
The orc warrior hits you with a +0 war axe.
The kobold demonologist hits you with a +0 broad axe.
The hobgoblin closely misses you.
The orc high priest invokes the aid of Beogh against you.
Beogh smites you!
You stomp with the beat, sending a shockwave through the revellers around you!
The orc warrior is heavily wounded.
The neqoxec is moderately wounded.
The kobold demonologist is heavily wounded.
You kill the hobgoblin!
You can no longer stomp with the beat.
The orange demon stings you from afar.
The neqoxec hits you but does no damage.
The orc warrior hits you with a +0 war axe.
The kobold demonologist hits you with a +0 broad axe!
The orc high priest prays to Beogh.
You can now stomp with the beat.
You stomp with the beat, sending a shockwave through the revellers around you!
The orc warrior is severely wounded.
The neqoxec is heavily wounded.
The kobold demonologist is severely wounded.
You can no longer stomp with the beat.
The ice devil disappears in a puff of smoke!
The orange demon stings you from afar. The neqoxec completely misses you.
The orc warrior barely misses you.
The kobold demonologist hits you with a +0 broad axe.
You can now stomp with the beat.
You stomp with the beat, sending a shockwave through the revellers around you!
The orc warrior is almost dead.
The neqoxec is almost dead.
The kobold demonologist is almost dead.
You can no longer stomp with the beat.
The orange demon misses you. The neqoxec misses you.
The orc warrior barely misses you.
The kobold demonologist begins to cast a cantrip, but forgets the words!
Aiming: Iceblast
Press: ? - help, Shift-Dir - straight line, f - orange demon
Aim: an orange demon (summoned)
The mass of ice explodes!
The iceblast engulfs the orange demon!
The orange demon is moderately wounded.
The iceblast engulfs the sun demon!!
The sun demon is frozen!
The sun demon is moderately wounded.
The iceblast engulfs the orc high priest!
The orc high priest is moderately wounded.
The iceblast engulfs the rust devil!
The rust devil partially resists.
The rust devil is moderately wounded.
The iceblast engulfs the kobold demonologist!
You kill the kobold demonologist!
The neqoxec disappears in a puff of smoke!
The orange demon stings you from afar!
You are poisoned.
The orange demon poisons you!
The orc warrior hits you with a +0 war axe.
You can now stomp with the beat.
Aiming: Corrosive Bolt
Press: ? - help, Shift-Dir - straight line, f/p - orange demon
Aim: an orange demon (moderately wounded, summoned, 84% to hit)
The bolt of acid misses the orange demon.
The bolt of acid hits the orc high priest!!
The acid corrodes the orc high priest!
The orc high priest is severely wounded.
You feel very sick.
The orc warrior hits you with a +0 war axe!
The orc high priest says, "The wages of sin are death, you know."
You can now pass through a line of other dancers.
Aiming: Corrosive Bolt
Press: ? - help, Shift-Dir - straight line, p - orange demon The bolt of acid hits the sun demon!
The acid corrodes the sun demon!
The sun demon is heavily wounded.
The bolt of acid hits the orange demon!
The acid corrodes the orange demon!
The orange demon is heavily wounded.
You feel very sick.
The orc warrior hits you with a +0 war axe!!
* * * LOW HITPOINT WARNING * * *
You feel much better.
You feel very sick. The sun demon hits you!
* * * LOW HITPOINT WARNING * * *
You are engulfed in flames!
* * * LOW HITPOINT WARNING * * *
The orc warrior barely misses you.
Okay, then.
Unknown command.
Unknown command.
You stomp with the beat, sending a shockwave through the revellers around you!
You kill the orc warrior!
The sun demon is severely wounded.
The orc high priest is almost dead.
You can no longer pass through a line of other dancers.
You feel sick. The sun demon hits you!
You die...

#.....#######.....#
#)8#############8)# #..#
..........#).# ≈≈≈≈≈≈.#.8#
.........#8.# ≈≈≈≈≈≈.#..#
.._.... #..#.≈≈≈≈≈≈
≈≈≈≈≈≈.##)# ..4. #'##.≈≈≈≈≈≈
≈≈≈≈≈≈.#))# ##4##
#..#.≈≈≈≈≈≈ ≈≈≈≈≈≈.#))#
#o3)# #..#.≈≈≈≈≈≈
≈≈≈≈≈≈.#..# #)@.#
#))#.≈≈≈≈≈≈ ≈≈≈≈≈≈.#.)#
#8.8# #))#.≈≈≈≈≈≈
≈≈≈≈≈≈.#..# #...#
#))#.S≈≈≈≈≈
≈≈≈≈≈#+#)##+###8.8###+##'#+#
≈≈≈≈ #....#[[.#...#.))#....#
≈≈≈ #....#[[.#...#.))#)...#
≈≈ ###..######.######..### ≈
#.'........∩.......)'.#
######≈≈≈≈≈≈≈≈≈≈≈######


You could see an orc high priest (corroded), a sun demon (summoned, corroded),
an orange demon (summoned, corroded) and a rust devil (summoned).

Vanquished Creatures
  A boulder beetle (D:7)
  2 cyclopes (D:7)
  A komodo dragon (D:7)
  A kobold demonologist (Bailey)
  3 trolls (D:7)
  2 wyverns (D:7)
  A steam dragon (D:7)
  2 wraiths (D:7)
  2 vampire mosquitoes (D:7)
  A water moccasin (D:7)
  Duvessa (D:6)
  9 orc warriors
  2 ice beasts (D:7)
  5 sky beasts
  A black bear (D:7)
  A centaur (D:7)
  3 ogres
  A kobold brigand (D:5)
  5 bullfrogs
  2 necrophages
  A gnoll sergeant (D:7)
  5 scorpions
  5 wights
  Dowan (D:6)
  A howler monkey (D:7)
  3 orc priests
  Crazy Yiuf (D:5)
  2 hounds
  A gnoll shaman (D:4)
  2 jellies
  4 iguanas
  4 orc wizards
  19 gnolls
  5 adders
  2 ufetubi
  A worm (D:3)
  5 dart slugs
  29 orcs
  9 endoplasms
  4 giant cockroaches
  17 hobgoblins
  4 jackals (D:2)
  8 kobolds
  A quokka (D:1)
  9 ball pythons
  3 bats (D:2)
  4 frilled lizards
  15 goblins
  3 rats
214 creatures vanquished.

Vanquished Creatures (others)
  A white imp (D:7)
1 creature vanquished.

Grand Total: 215 creatures vanquished

Notes
Turn   | Place    | Note
-------+----------+-------------------------------------------
     0 | D:5      | Flugkiller the Vampire Delver began the quest for the Orb.
     0 | D:5      | Reached XP level 1. HP: 17/17 MP: 1/1
     2 | D:5      | Noticed an ogre
    17 | D:4      | Noticed a hound
    19 | D:4      | Killed a hound
    20 | D:4      | Reached XP level 2. HP: 23/23 MP: 2/2
    20 | D:4      | Gained mutation: You are afflicted with vampirism and can
                  | become a bat while bloodless. [Vampire growth]
    20 | D:4      | Reached XP level 3. HP: 28/28 MP: 3/3
   267 | D:4      | Found a staircase to the Ecumenical Temple.
   273 | Temple   | Entered the Ecumenical Temple
   392 | Temple   | Became a worshipper of Uskayaw the Reveller
   428 | D:4      | Reached * piety under Uskayaw
   492 | D:3      | Noticed an ogre
   618 | D:1      | Reached XP level 4. HP: 33/34 MP: 4/4
   619 | D:1      | Reached ** piety under Uskayaw
   690 | D:1      | Reached skill level 5 in Dodging
   692 | D:1      | HP: 1/34 [frozen (5)]
  1085 | D:1      | Found Veutuwk's Magic Scroll Shoppe.
  1101 | D:1      | Bought a scroll of teleportation for 39 gold pieces
  1583 | D:2      | Found a faded altar of an unknown god.
  1800 | D:2      | Reached XP level 5. HP: 32/41 MP: 5/5
  2181 | D:3      | Reached skill level 3 in Short Blades
  2209 | D:3      | Found an iron altar of Okawaru.
  2896 | D:4      | Noticed a sky beast
  2898 | D:4      | Killed a sky beast
  2899 | D:4      | Reached skill level 4 in Short Blades
  2899 | D:4      | Reached XP level 6. HP: 48/48 MP: 6/6
  3612 | D:4      | Reached skill level 5 in Short Blades
  3687 | D:4      | Reached XP level 7. HP: 30/55 MP: 7/7
  3920 | D:5      | Found a runed translucent door.
  3921 | D:5      | Noticed Crazy Yiuf
  3936 | D:5      | Killed Crazy Yiuf
  3937 | D:5      | Reached skill level 5 in Fighting
  4303 | D:5      | Reached skill level 1 in Invocations
  4303 | D:5      | Reached skill level 1 in Evocations
  4961 | D:6      | Noticed Duvessa
  4969 | D:6      | Noticed Dowan
  5076 | D:5      | Reached XP level 8. HP: 32/61 MP: 9/9
  5424 | D:6      | Reached *** piety under Uskayaw
  5491 | D:6      | Killed Dowan
  5496 | D:6      | Killed Duvessa
  6160 | D:7      | Reached skill level 5 in Invocations
  6160 | D:7      | Reached skill level 5 in Evocations
  6221 | D:7      | Reached XP level 9. HP: 49/68 MP: 8/12
  6468 | D:7      | Reached skill level 6 in Short Blades
  7224 | D:7      | Identified the amulet of Bodily Harmony {RegenMP -Tele rF-
                  | rCorr Stlth+}
  7228 | D:7      | Noticed a troll
  7261 | D:7      | Killed a troll
  7262 | D:7      | Reached skill level 7 in Short Blades
  7274 | D:7      | Noticed a troll
  7288 | D:7      | Killed a troll
  7418 | D:7      | Noticed a troll
  7436 | D:7      | Killed a troll
  7690 | D:7      | Identified the +7 spear of War {protect, rF- rN+ Int+3}
  7920 | D:7      | Reached XP level 10. HP: 59/77 MP: 7/14
  7984 | D:7      | Reached **** piety under Uskayaw
  8101 | D:7      | Noticed a cyclops
  8143 | D:7      | Reached skill level 8 in Short Blades
  8221 | D:7      | Noticed a cyclops
  8233 | D:7      | Killed a cyclops
  8240 | D:7      | Killed a cyclops
  8406 | D:7      | Noticed a boulder beetle
  8429 | D:7      | Killed a boulder beetle
  8430 | D:7      | Reached skill level 9 in Short Blades
  8504 | D:7      | Identified the +4 pair of gloves "Gautehut" {rElec}
  8508 | D:7      | Got the Grimoire of the Escort and the Birds
  8680 | D:8      | Found a flagged portal.
  8684 | D:8      | Noticed a two-headed ogre
  8704 | Bailey   | Entered a bailey
  8813 | Bailey   | Learned a level 3 spell: Swiftness
  8965 | Bailey   | Reached skill level 1 in Spellcasting
  8965 | Bailey   | Reached skill level 1 in Air Magic
  9026 | Bailey   | Reached ***** piety under Uskayaw
  9124 | Bailey   | Found an iron altar of Okawaru.
  9124 | Bailey   | Noticed an orc high priest
  9127 | Bailey   | Noticed an orange demon
  9138 | Bailey   | Noticed a sun demon
  9138 | Bailey   | Noticed a rust devil
  9143 | Bailey   | HP: 2/80 [sun demon[an orc high priest] (15)]
  9144 | Bailey   | Demolished by a sun demon

Illustrated notes

Levels and vault maps discovered:
D:1:      minmay_arrival_up_and_down, layout_basic, serial_shops, shop,
          kennysheep_decorative_pillar
D:2:      layout_loops_ring, dreamdust_ecumenical_altar_angels_and_demons
D:3:      layout_basic, okawaru_metal_pillars_1_2, moated_statue
D:4:      layout_basic, minmay_temple_entry_waves
D:5:      layout_cave_pools, uniq_crazy_yiuf_cottage
D:6:      layout_rooms, kennysheep_generic_room_5, uniq_duvessa
D:7:      minmay_the_grid_octo_tiled_squarecenter [minmay_the_grid_octo_chip,
          minmay_the_grid_octo_pinwheel, minmay_the_grid_octo_focus,
          minmay_the_grid_octo_checkerflower,
          minmay_the_grid_square_5x5_megaprize_crossed,
          minmay_the_grid_square_5x5_intrusive_squares,
          minmay_the_grid_square_5x5_eight_small,
          minmay_the_grid_square_5x5_pentomino_r,
          minmay_the_grid_square_5x5_tie], layout_basic,
          amcnicky_mini_pool_small, minmay_small_thing
D:8:      layout_basic, minmay_lair_entry_grove, enter_bailey_2,
          gammafunk_ghost_ooze
Temple:   nicolae_temple_elliptical
Bailey:   bailey_axe_of_yendor_kennysheep, bailey

Skill      XL: |  1  2  3  4  5  6  7  8  9 10 |
---------------+-------------------------------+-----
Dodging        | 3 4 5 7 8 |  8.9
Fighting       | 3 4 5 6 8 |  8.1
Short Blades   | 4 5 7 9 |  9.6
Invocations    | 2 5 6 |  6.0
Evocations     | 2 5 |  5.0
Spellcasting   | 1 |  1.5
Air Magic      | 1 |  1.7
Stealth        | |  7.2

Action                   |  1- 3 |  4- 6 |  7- 9 | 10-12 || total
-------------------------+-------+-------+-------+-------++-------
Melee: Short sword       |    34 |    60 |       |     6 ||   100
       Bite              |     1 |    30 |    59 |    66 ||   156
       Dagger            |       |   201 |   381 |   352 ||   934
       Punch             |       |     5 |     7 |     7 ||    19
Throw: Dart              |       |       |     2 |     3 ||     5
Invok: Stomp             |       |       |    30 |    15 ||    45
       Line Pass         |       |       |       |     1 ||     1
Evoke: Wand              |       |       |     5 |     3 ||     8
  Use: Scroll            |     3 |       |     6 |     6 ||    15
       Potion            |       |       |       |     1 ||     1
 Stab: Sleeping          |     4 |    14 |     6 |     1 ||    25
       Paralysed         |       |       |     3 |    11 ||    14
       Distracted        |       |       |     1 |       ||     1
Armor: Leather armour    |    10 |    65 |    63 |       ||   138
       Troll leather arm |       |       |     7 |    41 ||    48
Dodge: Dodged            |    28 |   167 |   217 |   119 ||   531

Table legend: (Time is in decaauts)
 A = Elapsed time spent in this place.
 B = Non-inter-level travel time spent in this place.
 C = Inter-level travel time spent in this place.
 D = Time resting spent in this place.
 E = Time spent auto-exploring this place.
 F = Levels seen in this place.
 G = Mean time per level.
                   A        B        C        D        E       F      G
               +--------+--------+--------+--------+--------+-----+--------+
         Total |   8782 |   8203 |    579 |   2220 |   3078 |  10 |  878.2 |
       Dungeon |   8313 |   7755 |    558 |   2124 |   2996 |   8 | 1039.1 |
        Temple |    141 |    120 |     21 |     35 |     64 |   1 |  141.0 |
        Bailey |    326 |    326 |      0 |     61 |     17 |   1 |  326.0 |
               +--------+--------+--------+--------+--------+-----+--------+

Top non-repeatable levels by time:
     D:7: 2335 daAuts
     D:4: 1223 daAuts
     D:5: 1223 daAuts
     D:6: 1075 daAuts
     D:1: 952 daAuts
     D:2: 866 daAuts
     D:3: 596 daAuts
  Bailey: 326 daAuts
  Temple: 141 daAuts
     D:8: 40 daAuts
